 Dungeon Crawl Stone Soup version 0.30-a0-626-gd6a5dd7a1f (webtiles) character file.

Game seed: 16113116114722446656

1879351 bakla the Wrestler (level 26, 245/257 (261) HPs)
             Began as a Troll Gladiator on Jan 11, 2023.
             Was the Champion of Wu Jian.
             Escaped with the Orb
             ... and 3 runes on Jan 12, 2023!
             The game lasted 03:20:02 (55295 turns).

bakla the Wrestler (Troll Gladiator)               Turns: 55295, Time: 03:20:03

HP:   245/257 (261) AC: 10    Str: 35    XL:     26   Next: 51%
MP:   28/28         EV: 17    Int: 12    God:    Wu Jian [******]
Gold: 4138          SH: 20    Dex: 17    Spells: 17/33 levels left

rFire   + . .      SeeInvis +      - Unarmed
rCold   + . .      Faith    .    c - +4 kite shield of Stained Birdsong {SInv}
rNeg    . . .      Spirit   .    O - +1 robe "Moopneah" {rC+ Archmagi}
rPois   .          Reflect  .    J - +2 hat
rElec   .          Harm     .    R - +2 cloak {Will+}
rCorr   .          Rampage  .    (gloves unavailable)
Will    +++..      Archmagi +    (boots unavailable)
Stlth   +                        p - amulet of regeneration
HPRegen 2.22/turn                o - ring of Osuckuad {Will+ Dex+6 Slay+2}
MPRegen 0.21/turn                l - ring "Juuliong" {rF+ Str+6}

@: studying 2 skills, lightly drained
A: large, unfitting armour, claws 3, regeneration 1, shaggy fur 1, tough skin 1,
antennae 1, sense surroundings 1, screaming 1
0: Orb of Zot
}: 3/15 runes: serpentine, barnacled, silver
a: Renounce Religion, Wall Jump, Serpent's Lash, Heavenly Storm


You escaped.
You worshipped Wu Jian.
Wu Jian was exalted by your worship.
You visited 10 branches of the dungeon, and saw 48 of its levels.
You visited the Abyss 1 time.
You also visited: Gauntlet, Ice Cave, Volcano and Wizlab.

You collected 8459 gold pieces.
You spent 4321 gold pieces at shops.

Inventory:

Missiles
 d - 167 large rocks
 G - a throwing net
 S - 18 curare-tipped darts
Armour
 c - the +4 kite shield of Stained Birdsong (worn) {SInv}
   (You found it in a Gauntlet)

   SInv:      It lets you see invisible.
 J - a +2 hat (worn)
 O - the +1 robe "Moopneah" (worn) {rC+ Archmagi}
   (You found it on level 15 of the Dungeon)

   rC:        It protects you from cold.
   Archmagi:  It increases the power of your magical spells.
 R - a +2 cloak of willpower (worn)
 X - a +1 robe of willpower
Magical Staves
 e - a staff of earth
Jewellery
 l - the ring "Juuliong" (right claw) {rF+ Str+6}
   (You bought it in a shop on level 4 of the Vaults)

   [ring of strength]

   Str:       It affects your strength (+6).
   rF:        It protects you from fire.
 o - the ring of Osuckuad (left claw) {Will+ Dex+6 Slay+2}
   (You found it on level 2 of the Realm of Zot)

   [ring of dexterity]

   Dex:       It affects your dexterity (+6).
   Slay:      It affects your accuracy & damage with ranged weapons and melee
   (+2).
   Will:      It increases your willpower.
 p - an amulet of regeneration (around neck)
 r - a ring of willpower
 Q - an amulet of reflection
 V - a ring of protection from cold
Wands
 i - a wand of roots (22)
 x - a wand of acid (8)
 W - a wand of digging (11)
Scrolls
 k - 22 scrolls of teleportation
 m - 6 scrolls of poison
 n - 3 scrolls of immolation
 s - 2 scrolls of magic mapping
 y - 8 scrolls of amnesia
 B - 8 scrolls of enchant armour
 H - 5 scrolls of torment
 I - 4 scrolls of blinking
 K - 8 scrolls of enchant weapon
 L - 13 scrolls of fear
 N - 2 scrolls of silence
 U - a scroll of fog
 Z - 3 scrolls of noise
Potions
 a - 6 potions of mutation
 b - 2 potions of flight
 f - 5 potions of berserk rage
 g - 17 potions of curing
 h - 11 potions of heal wounds
 j - 4 potions of attraction
 q - 5 potions of haste
 t - 3 potions of resistance
 u - 4 potions of magic
 z - 10 potions of brilliance
 A - 12 potions of might
 C - 12 potions of ambrosia
 D - 8 potions of lignification
 M - 2 potions of invisibility
 P - 2 potions of cancellation
Miscellaneous
 v - a condenser vane
 E - a phantom mirror
 Y - a phial of floods


   Skills:
 - Level 15.0 Fighting
 - Level 3.0 Throwing
 + Level 14.3 Dodging
 + Level 19.9 Shields
 - Level 26.9 Unarmed Combat
 - Level 4.0 Spellcasting
 - Level 15.0 Transmutations
 - Level 17.6 Earth Magic


You had 17 spell levels left.
You knew the following spells:

 Your Spells              Type           Power      Damage    Failure   Level
a - Statue Form           Tmut/Erth      38%        N/A       5%          6
b - Borgnjor's Vile Clut  Necr/Erth      17%        N/A       21%         5
c - Irradiate             Conj/Tmut      15%        3d16      34%         5

Your spell library contained the following spells:

 Spells                   Type           Power      Damage    Failure   Level
 Beastly Appendage        Tmut           100%       N/A       1%          1
 Sandblast                Erth           100%       2d20      1%          1
 Passwall                 Tmut/Erth      48%        N/A       1%          2
 Wereblood                Tmut           55%        N/A       1%          2
 Petrify                  Tmut/Erth      58%        N/A       1%          4
 Blade Hands              Tmut           27%        N/A       1%          5
 Lee's Rapid Deconstruct  Erth           30%        3d16*     1%          5
 Stone Arrow              Conj/Erth      70%        3d11      2%          3
 Spider Form              Tmut/Pois      30%        N/A       3%          3
 Animate Armour           Summ/Erth      70%        N/A       8%          4
 Leda's Liquefaction      Hex/Erth       17%        N/A       8%          4
 Ignite Poison            Fire/Tmut/Pois 21%        N/A       11%         3
 Apportation              Tloc           6%         N/A       28%         1
 Freeze                   Ice            12%        1d3       28%         1
 Kiss of Death            Conj/Necr      12%        2d6       28%         1
 Magic Dart               Conj           12%        1d3       28%         1
 Necrotise                Necr           12%        1d4       28%         1
 Shock                    Conj/Air       12%        1d3       28%         1
 Slow                     Hex            12%        N/A       28%         1
 Summon Small Mammal      Summ           12%        N/A       28%         1
 Alistair's Intoxication  Tmut/Pois      20%        N/A       34%         5
 Call Imp                 Summ           3%         N/A       38%         2
 Cigotuvi's Dreadful Rot  Necr/Pois/Air  6%         N/A       38%         2
 Ensorcelled Hibernation  Hex/Ice        6%         N/A       38%         2
 Momentum Strike          Conj/Tloc      6%         3d8       38%         2
 Poisonous Vapours        Pois/Air       6%         N/A       38%         2
 Static Discharge         Conj/Air       6%         2-3/arc   38%         2
 Sublimation of Blood     Necr           3%         N/A       38%         2
 Dragon Form              Tmut           27%        N/A       45%         7
 Call Canine Familiar     Summ           3%         N/A       63%         3
 Confusing Touch          Hex            3%         N/A       63%         3
 Dazzling Flash           Conj/Hex       6%         N/A       63%         3
 Frozen Ramparts          Ice            6%         1d1       63%         3
 Gell's Gravitas          Tloc           3%         N/A       63%         3
 Hailstorm                Conj/Ice       3%         3d3       63%         3
 Inner Flame              Hex/Fire       3%         N/A       63%         3
 Kindle Blastsparks       Fire/Tloc/Air  6%         2d10      63%         3
 Lesser Beckoning         Tloc           6%         N/A       63%         3
 Mephitic Cloud           Conj/Pois/Air  3%         N/A       63%         3
 Ozocubu's Armour         Ice            3%         N/A       63%         3
 Portal Projectile        Hex/Tloc       6%         N/A       63%         3
 Summon Guardian Golem    Hex/Summ       3%         N/A       63%         3
 Swiftness                Air            3%         N/A       63%         3
 Teleport Other           Tloc           3%         N/A       63%         3
 Tukima's Dance           Hex            3%         N/A       63%         3
 Vampiric Draining        Necr           3%         2d6       63%         3
 Vhi's Electric Charge    Tloc/Air       6%         N/A       63%         3
 Iron Shot                Conj/Erth      17%        9d4       75%         6
 Airstrike                Air            1%         2d(1-17)  95%         4
 Animate Dead             Necr           3%         N/A       95%         4
 Dispel Undead            Necr           3%         3d7       95%         4
 Flame Wave               Conj/Fire      3%         2d5       95%         4
 Passage of Golubria      Tloc           3%         N/A       95%         4
 Sticky Flame             Conj/Fire      3%         2d3       95%         4
 Summon Ice Beast         Ice/Summ       3%         N/A       95%         4
 Summon Lightning Spire   Summ/Air       3%         N/A       95%         4
 Agony                    Necr           3%         N/A       100%        5
 Arcjolt                  Conj/Air       1%         1d11      100%        5
 Fireball                 Conj/Fire      1%         3d3       100%        5
 Freezing Cloud           Conj/Ice/Air   1%         6-21      100%        5
 Iskenderun's Battlesphe  Conj           3%         2d6       100%        5
 Metabolic Englaciation   Hex/Ice        1%         N/A       100%        5
 Silence                  Hex/Air        1%         N/A       100%        5
 Summon Mana Viper        Hex/Summ       3%         N/A       100%        5
 Conjure Ball Lightning   Conj/Air       1%         3x3d6     100%        6
 Death Channel            Necr           1%         N/A       100%        6
 Dispersal                Tloc           1%         N/A       100%        6
 Simulacrum               Ice/Necr       1%         N/A       100%        6
 Summon Cactus Giant      Summ           1%         N/A       100%        6
 Haunt                    Necr/Summ      1%         N/A       100%        7
 Malign Gateway           Summ/Tloc      1%         N/A       100%        7
 Monstrous Menagerie      Summ           1%         N/A       100%        7
 Orb of Destruction       Conj           1%         9d5       100%        7
 Ozocubu's Refrigeration  Ice            1%         4d7       100%        7
 Spellforged Servitor     Conj/Summ      1%         N/A       100%        7
 Storm Form               Tmut/Air       15%        N/A       100%        7
 Summon Hydra             Summ           1%         N/A       100%        7
 Borgnjor's Revivificati  Necr           1%         N/A       100%        8
 Discord                  Hex            1%         N/A       100%        8
 Disjunction              Tloc           1%         N/A       100%        8
 Ignition                 Fire           1%         3d3       100%        8
 Infestation              Necr           1%         N/A       100%        8
 Lehudib's Crystal Spear  Conj/Erth      17%        10d5      100%        8
 Maxwell's Capacitive Co  Air            1%         ∞         100%        8
 Summon Horrible Things   Summ           1%         N/A       100%        8
 Chain Lightning          Conj/Air       1%         3d2       100%        9
 Death's Door             Necr           1%         N/A       100%        9
 Fire Storm               Conj/Fire      1%         8d1       100%        9
 Shatter                  Erth           30%        3d25*     100%        9


Dungeon Overview and Level Annotations

Branches:
Dungeon (15/15)            Temple (1/1) D:5            Lair (5/5) D:11
 Shoals (4/4) Lair:2        Snake (4/4) Lair:3        Slime (0/5) Lair:4
    Orc (2/2) D:12            Elf (3/3) Orc:2        Vaults (5/5) D:14
  Crypt (0/3) Vaults:2     Depths (4/4) D:15            Zot (5/5) Depths:4
  IceCv (visited)         Volcano (visited)          WizLab (visited)
Gauntlet (visited)

Altars:
Ashenzari
Cheibriados
Dithmenos
Elyvilon
Fedhas
Gozag
Hepliaklqana
Kikubaaqudgha
Makhleb
Nemelex Xobeh
Okawaru
Qazlal
Ru
Sif Muna
Trog
Uskayaw
Vehumet
Wu Jian
Xom
Yredelemnul
Zin
The Shining One
Jiyva

Shops:
D:4 [   Orc:2 [!:=(   Elf:1 *   Elf:2 *?*(   Elf:3 (   Shoals:1 (   Snake:2 *
Snake:3 (   Vaults:2 (   Vaults:3 !   Vaults:4 *=[   Depths:2 ?   Depths:3 *
Depths:4 ?:

Portals:
Hell: Lair:5 Depths:1 Depths:2 Depths:3 Depths:4
Abyss: Depths:3
Pandemonium: Depths:2
Ziggurat: Depths:3
Trove: D:14 (give +3 shadow dragon scales)

Annotations:
D:5 1 runed translucent door, karrick's ghost, novice GnGl
Lair:4 exclusion: 4 oklob plants
Elf:1 exclusion: orange crystal statue
Elf:2 3 runed translucent doors
Vaults:4 8 runed translucent doors, Mara; mccafe's ghost, veteran DEFE


Innate Abilities, Weirdness & Mutations

You are too large for most types of armour.
You have claws for hands.
Your natural rate of healing is unusually fast.
You are covered in fur. (AC +1)
You have tough skin. (AC +1)
You have a pair of small antennae on your head.
You passively map a small area around you.
You occasionally shout uncontrollably at your foes.


Message History

An Orb Guardian comes into view.
There is a stone staircase leading up here.
You completely miss the Orb Guardian. The Orb Guardian hits you!
You barely miss the Orb Guardian. The Orb Guardian hits you!!
You claw the Orb Guardian!
The Orb Guardian is lightly wounded.
The Orb Guardian hits you but does no damage.
You closely miss the Orb Guardian.
The Orb Guardian is lightly wounded.
The Orb Guardian hits you!!
You eviscerate the Orb Guardian!!!
The Orb Guardian is severely wounded.
You claw the Orb Guardian!
The Orb Guardian is almost dead.
The Orb Guardian hits you but does no damage.
You barely miss the Orb Guardian.
The Orb Guardian is almost dead.
You block the Orb Guardian's attack.
You eviscerate the Orb Guardian!!!
You kill the Orb Guardian!
The Council accepts your kill.
(D) Dungeon (T) Temple (L) Lair (A) Shoals (P) Snake Pit (M) Slime Pits (O) Orcish Mines (E) Elven Halls (V) Vaults (C) Crypt (U) Depths (H) Hell (Z) Zot
Where to? (Enter - D:1, ? - help)
There is a stone staircase leading up here.
You climb upwards.
There is a stone staircase leading down here.
Aiming: Dig
Press: ? - help, Shift-Dir - straight line A rock wall.
This square is covered in magical glow.
The rock shatters into small pieces.
Aiming: Dig
Press: ? - help, Shift-Dir - straight line This square is covered in magical glow.
The rock shatters into small pieces.
There is a staircase leading out of the dungeon here.
You have escaped!

)...###..#.#....(..##.#########.#
.........###....#..##.# #.#
........####...##...+.# #..
)...######......##..### ### ....#
#....##....#.#
....#######...##....#.#
.........##..###...##.#
.#..####.....##.......#
.#..........###.@.##..#
.##.#####...##>...##>.# .#...#
#..####..##...# .#...#
#####....##...# .....#
#.#######.### ##..## #.# ##.#
#..# #.# ##..# #..# #.# #..##
#..# #.#####.##


There were no monsters in sight!

Vanquished Creatures
  5 ancient liches
  5 dread liches
  6 orbs of fire
  A juggernaut (Depths:2)
  The ghost of wormed the Acrobat, a legendary OpTm of Gozag (Zot:2)
  Sojobo (Depths:1)
  Josephina (Depths:2)
  6 Killer Klowns (Zot:5)
  2 curse toes
  A shard shrike (Zot:4)
  Xtahua (Vaults:4)
  A golden dragon (shapeshifter) (Depths:2)
  3 caustic shrikes (Depths:2)
  12 golden dragons
  A pandemonium lord (Zot:3)
  2 bone dragons
  2 Tzitzimimeh
  2 electric golems (Zot:5)
  Rupert (Lair:5)
  A walking earthen tome (Depths:3)
  10 tentacled monstrosities
  Jorgrun (D:15)
  Zenata (Vaults:4)
  2 Ice Fiends
  An acid blob (Zot:4)
  5 liches
  2 deep elf master archers (Elf:3)
  29 Orb Guardians
  A deep elf blademaster (Elf:3)
  3 titans (Vaults:5)
  6 quicksilver dragons
  6 death cobs
  A tentacled starspawn (Abyss:2)
  11 sphinxes
  13 tengu reavers
  7 shadow dragons
  A fenstrider witch (shapeshifter) (Vaults:1)
  7 nagarajas
  3 draconian knights (Zot:4)
  11 storm dragons
  6 draconian monks
  11 frost giants
  23 vault wardens
  2 iron dragons
  12 fire giants
  9 deep elf sorcerers
  A ghost moth (Zot:4)
  A balrug (Depths:3)
  8 draconian scorchers
  A spectral caustic shrike (WizLab)
  4 draconian shifters
  50 very ugly things
  14 ironbound preservers
  A cacodemon (Zot:3)
  6 draconian annihilators
  An orc warlord (Vaults:1)
  A spriggan defender (Depths:2)
  4 deep elf elementalists (Elf:3)
  26 stone giants
  3 draconian stormcallers (Zot:1)
  3 war gargoyles
  9 ironbound thunderhulks
  13 deep elf annihilators
  A spark wasp (shapeshifter) (Vaults:5)
  14 green draconians
  10 deep elf demonologists
  A spectral titan (WizLab)
  13 dire elephants
  A lorocyproca (Depths:1)
  4 purple draconians
  A bunyip (shapeshifter) (Vaults:5)
  7 red draconians
  14 spark wasps
  13 black draconians
  13 yellow draconians
  7 white draconians
  Snorg (Orc:2)
  A green death (Zot:4)
  22 ettins
  5 merfolk javelineers
  11 fire dragons
  2 merfolk impalers
  3 deep elf death magi (Elf:3)
  An entropy weaver (Vaults:4)
  8 deep elf high priests
  A jiangshi (WizLab)
  20 yaktaur captains
  5 great orbs of eyes
  58 vault guards
  5 hydras
  A quicksilver dragon skeleton (Depths:1)
  6 rakshasas
  A caustic shrike simulacrum (Depths:2)
  Erolcha (Orc:1)
  A ghost crab (Gauntlet)
  3 ogre magi
  3 salamander tyrants (Snake:4)
  3 spriggan air magi
  10 ironbound frosthearts
  2 peacekeepers (Vaults:4)
  15 centaur warriors
  10 ice dragons
  11 anacondas
  2 merfolk avatars
  4 boulder beetles
  18 dancing weapons
  3 satyrs
  7 two-headed ogres
  4 deep troll earth magi
  7 deep troll shamans
  3 alligator snapping turtles
  8 naga warriors
  4 hell hogs (Abyss:2)
  3 merfolk aquamancers
  A vampire mage (Depths:4)
  8 death yaks
  7 tengu warriors
  A storm dragon zombie (Depths:1)
  3 thrashing horrors (Abyss:3)
  9 shock serpents
  6 spriggan berserkers
  14 hell knights
  12 deep elf knights
  11 naga sharpshooters
  A soul eater (Vaults:2)
  Sonja (D:13)
  An iron troll (shapeshifter) (Vaults:5)
  Nergalle (D:12)
  A sixfirhy (Abyss:2)
  3 sun demons
  5 salamander mystics (Snake:4)
  6 spriggans
  2 wretched stars (Abyss:2)
  3 skeletal warriors (D:11)
  A storm dragon skeleton (Vaults:3)
  4 iron trolls
  4 shadow wraiths
  7 sea snakes
  A sea snake (shapeshifter) (Depths:3)
  4 flayed ghosts
  A shadow demon (Depths:4)
  A glowing orange brain (Depths:2)
  40 deep trolls
  6 lindwurms
  Pikel (D:5)
  A swamp dragon (shapeshifter) (Depths:3)
  5 naga ritualists
  12 deep elf archers
  2 orange crystal statues (IceCv)
  19 ironbound convokers
  4 necromancers
  11 wizards
  A lindwurm (shapeshifter) (Vaults:5)
  2 obsidian statues (Zot:5)
  A tengu zombie (Vaults:3)
  5 phantasmal warriors
  26 deep elf zephyrmancers
  16 harpies
  A wolf spider (Vaults:4)
  3 orc knights
  50 ugly things
  20 fauns
  31 deep elf pyromancers
  10 orc sorcerers
  13 salamanders
  A shining eye (shapeshifter) (Depths:3)
  10 mana vipers
  2 worldbinders (Abyss:2)
  5 toenail golems (Volcano)
  12 manticores
  A sphinx skeleton (Depths:1)
  17 cyclopes
  3 elephants
  14 moths of wrath
  17 vault sentinels
  6 water nymphs
  Maurice (D:12)
  An apocalypse crab (Abyss:2)
  3 merfolk sirens
  19 naga magi
  45 black mambas
  An eye of devastation (Vaults:2)
  2 gargoyles
  7 guardian serpents
  A rust devil (D:9)
  A demonic crawler (Lair:5)
  5 orange demons (Lair:5)
  4 smoke demons (Abyss:2)
  4 torpor snails (Depths:3)
  10 cane toads
  37 yaktaurs
  2 hellions
  An unseen horror (D:13)
  A human zombie (Vaults:3)
  A yaktaur (shapeshifter) (Vaults:5)
  11 komodo dragons
  2 tengu conjurers
  2 tormentors
  2 kobold demonologists
  6 rime drakes
  An alligator snapping turtle skeleton (Abyss:2)
  11 freezing wraiths
  3 efreet
  A human skeleton (Vaults:3)
  A golden dragon simulacrum (IceCv)
  A hellwing (Lair:5)
  A spectral harpy (WizLab)
  A red devil (Lair:5)
  18 merfolk
  A queen bee (D:12)
  2 polar bears
  3 meliai (D:12)
  7 trolls
  A tengu simulacrum (Depths:2)
  7 hornets
  A shadow dragon simulacrum (Depths:2)
  10 wind drakes
  7 blink frogs
  A harpy skeleton (Abyss:2)
  A centaur simulacrum (Gauntlet)
  8 snapping turtles
  A human simulacrum (Vaults:3)
  A stone giant simulacrum (Depths:1)
  2 flying skulls (Abyss:2)
  3 wraiths
  6 dream sheep
  35 slime creatures
  A yak (shapeshifter) (D:15)
  An air elemental (Elf:3)
  A vampire (D:11)
  7 water elementals
  2 small abominations (Abyss:2)
  4 wyverns
  3 dire elephant simulacra (IceCv)
  64 yaks
  4 basilisks
  5 golden eyes
  11 vampire mosquitoes
  A chaos spawn (Depths:2)
  14 starcursed masses (Abyss:2)
  A steam dragon (shapeshifter) (D:15)
  4 steam dragons
  A warg (Orc:2)
  6 large abominations
  2 neqoxecs (Abyss:2)
  Menkaure (D:5)
  3 redbacks (Vaults:4)
  A spriggan simulacrum (Depths:2)
  57 nagas
  2 swamp worms (Lair:5)
  A harpy simulacrum (IceCv)
  An acid dragon (D:13)
  4 hell hounds (Lair:5)
  2 floating eyes
  14 water moccasins
  2 hydra simulacra (IceCv)
  2 sky beasts
  An ice beast (D:6)
  16 orc warriors
  A tengu skeleton (Depths:1)
  3 alligator simulacra (IceCv)
  A black bear (shapeshifter) (Gauntlet)
  3 black bears
  An ettin simulacrum (IceCv)
  4 boggarts (Vaults:3)
  7 ogres
  6 wolves (Lair:2)
  2 phantoms
  14 centaurs
  A kobold brigand (D:9)
  4 necrophages
  A gnoll sergeant (D:9)
  13 bullfrogs
  5 earth elementals
  2 scorpions
  11 wights
  A hornet simulacrum (Gauntlet)
  35 killer bees
  3 lindwurm simulacra (IceCv)
  3 vampire bats (D:4)
  2 howler monkeys
  A quasit (Abyss:2)
  A jelly (D:7)
  11 orc priests
  4 hounds
  2 iron imps (Abyss:2)
  A gnoll bouda (D:9)
  4 iguanas
  28 orc wizards
  Natasha (thrice) (D:2)
  2 hell rats
  17 gnolls
  3 river rats (D:11)
  8 adders
  7 white imps
  2 ufetubi
  2 worms
  3 dart slugs
  59 orcs
  6 ball pythons
  10 bats
  9 endoplasms
  7 giant cockroaches
  9 goblins
  13 hobgoblins
  11 jackals
  14 kobolds
  3 quokkas
  2 frilled lizards (D:1)
  4 rats
  2 starspawn tentacles (Abyss:2)
2158 creatures vanquished.

Vanquished Creatures (others)
  A deep elf knight (Elf:1)
  An ironbound convoker (Vaults:5)
  A wizard (Vaults:1)
  2 manticores
  A black mamba (Snake:1)
  2 orc wizards (Orc:2)
  An orc (Orc:2)
  13 fungi
  239 plants
  A starspawn tentacle (Abyss:2)
262 creatures vanquished.

Grand Total: 2420 creatures vanquished

Notes
Turn   | Place    | Note
-------+----------+-------------------------------------------
     0 | D:1      | bakla the Troll Gladiator began the quest for the Orb.
     0 | D:1      | Reached XP level 1. HP: 19/19 MP: 0/0
    29 | D:1      | Found a faded altar of an unknown god.
    53 | D:1      | Reached XP level 2. HP: 28/28 MP: 1/1
    56 | D:1      | You fall into a shaft and drop 1 floor!
   399 | D:1      | Reached XP level 3. HP: 35/35 MP: 2/2
   774 | D:2      | Noticed Natasha
   794 | D:2      | Killed Natasha
   795 | D:2      | Reached skill level 4 in Unarmed Combat
   902 | D:2      | Noticed Natasha
   925 | D:2      | Reached XP level 4. HP: 42/42 MP: 3/3
   934 | D:2      | Killed Natasha
  1001 | D:2      | Noticed Natasha
  1011 | D:2      | Killed Natasha
  1540 | D:3      | Reached XP level 5. HP: 43/50 MP: 4/4
  2019 | D:3      | Identified the +6 flail of Death {speed, Contam rCorr
                  | Str+5}
  2097 | D:4      | Reached skill level 5 in Unarmed Combat
  2234 | D:4      | Noticed a black bear
  2246 | D:4      | Killed a black bear
  2247 | D:4      | Reached XP level 6. HP: 45/61 MP: 5/5
  2309 | D:4      | Reached skill level 6 in Unarmed Combat
  2347 | D:4      | Found Ceiwko's Antique Armour Shoppe.
  2363 | D:4      | Bought a runed cloak for 195 gold pieces
  2640 | D:4      | Reached XP level 7. HP: 67/67 MP: 6/6
  2758 | D:5      | Entered Level 5 of the Dungeon
  2773 | D:5      | Noticed Pikel
  2783 | D:5      | Killed Pikel
  2784 | D:5      | Reached skill level 8 in Unarmed Combat
  2784 | D:5      | Reached XP level 8. HP: 64/79 MP: 7/7
  2921 | D:5      | Found a runed translucent door.
  2923 | D:5      | Noticed karrick's ghost (novice GnGl)
  2938 | D:5      | Noticed Menkaure
  2939 | D:5      | Killed Menkaure
  2963 | D:5      | Found a staircase to the Ecumenical Temple.
  2971 | Temple   | Entered the Ecumenical Temple
  3144 | D:4      | Bought a fabulously ornate robe for 148 gold pieces
  3144 | D:4      | Identified the +0 robe of Youthful Indiscretion {Rampage
                  | Regen+} (You bought it in a shop on level 4 of the Dungeon)
  3262 | D:5      | Reached skill level 5 in Fighting
  3380 | D:5      | Reached skill level 9 in Unarmed Combat
  4047 | D:5      | Reached XP level 9. HP: 89/89 MP: 8/8
  4227 | D:5      | Reached skill level 10 in Unarmed Combat
  4798 | D:7      | Found a blossoming altar of Fedhas.
  4838 | D:7      | Found a shimmering blue altar of Sif Muna.
  4960 | D:7      | Found a shimmering altar of Xom.
  4964 | D:7      | Found an ancient bone altar of Kikubaaqudgha.
  4964 | D:7      | Found a glowing silver altar of Zin.
  4964 | D:7      | Found an ornate altar of the Wu Jian Council.
  4972 | D:7      | Became a worshipper of the Wu Jian Council
  5353 | D:7      | Reached skill level 11 in Unarmed Combat
  5419 | D:7      | Found a basalt altar of Yredelemnul.
  5419 | D:7      | Found a stormy altar of Qazlal.
  5441 | D:7      | Found a faded altar of an unknown god.
  5443 | D:7      | Found a white marble altar of Elyvilon.
  5448 | D:7      | Found a faded altar of an unknown god.
  5657 | D:8      | Found a sacrificial altar of Ru.
  5757 | D:8      | Reached XP level 10. HP: 102/102 MP: 9/9
  5909 | D:8      | Reached skill level 12 in Unarmed Combat
  5928 | D:8      | Reached * piety under Wu Jian
  6932 | D:9      | Noticed a two-headed ogre
  7104 | D:9      | Noticed a centaur warrior
  7113 | D:9      | Killed a centaur warrior
  7134 | D:9      | Reached skill level 13 in Unarmed Combat
  7153 | D:9      | Noticed a two-headed ogre
  7166 | D:9      | Killed a two-headed ogre
  7167 | D:9      | Noticed a two-headed ogre
  7171 | D:9      | Killed a two-headed ogre
  7259 | D:9      | Reached XP level 11. HP: 113/113 MP: 10/10
  7312 | D:9      | Reached skill level 14 in Unarmed Combat
  7423 | D:9      | Killed a two-headed ogre
  7704 | D:10     | Entered Level 10 of the Dungeon
  8018 | D:10     | Found a white marble altar of Elyvilon.
  8120 | D:10     | Reached ** piety under Wu Jian
  8436 | D:10     | Reached skill level 15 in Unarmed Combat
  8490 | D:10     | Found a shadowy altar of Dithmenos.
  8612 | D:11     | Noticed a two-headed ogre
  9223 | D:11     | Noticed a skeletal warrior
  9223 | D:11     | Noticed a skeletal warrior
  9236 | D:11     | Noticed a skeletal warrior
  9237 | D:11     | Killed a skeletal warrior
  9262 | D:11     | Killed a skeletal warrior
  9275 | D:11     | Killed a skeletal warrior
  9460 | D:11     | Noticed a death yak
  9461 | D:11     | Noticed a death yak
  9472 | D:11     | Killed a two-headed ogre
  9476 | D:11     | Killed a death yak
  9477 | D:11     | Reached skill level 16 in Unarmed Combat
  9477 | D:11     | Reached XP level 12. HP: 99/126 MP: 11/11
  9481 | D:11     | Noticed a death yak
  9494 | D:11     | Killed a death yak
  9516 | D:11     | Found a staircase to the Lair.
  9600 | D:11     | Killed a death yak
  9601 | D:11     | Reached skill level 10 in Fighting
  9846 | D:12     | Found a staircase to the Orcish Mines.
  9870 | D:12     | Noticed a two-headed ogre
  9877 | D:12     | Killed a two-headed ogre
 10043 | D:12     | Found an opulent altar of Gozag.
 10146 | D:12     | Noticed Nergalle
 10153 | D:12     | Killed Nergalle
 10154 | D:12     | Reached skill level 17 in Unarmed Combat
 10182 | D:12     | Reached *** piety under Wu Jian
 10206 | D:12     | Noticed Maurice
 10218 | D:12     | Killed Maurice
 10242 | D:12     | Found a gate leading to a gauntlet.
 10251 | Gauntlet | Entered a Gauntlet
 10251 | Gauntlet | Found a runed translucent door.
 10251 | Gauntlet | Found a transporter.
 10251 | Gauntlet | Found a transporter.
 10251 | Gauntlet | Found a runed translucent door.
 10251 | Gauntlet | Found a transporter.
 10261 | Gauntlet | Found a transporter.
 10264 | Gauntlet | Found a transporter.
 10273 | Gauntlet | Found a transporter.
 10275 | Gauntlet | Found a transporter.
 10281 | Gauntlet | Found a runed translucent gate.
 10281 | Gauntlet | Found a runed translucent gate.
 10281 | Gauntlet | Found a runed translucent gate.
 10281 | Gauntlet | Noticed a ghost crab
 10283 | Gauntlet | Found a transporter.
 10301 | Gauntlet | Found a transporter.
 10308 | Gauntlet | Found a transporter.
 10308 | Gauntlet | Found a transporter.
 10316 | Gauntlet | Found a transporter.
 10387 | Gauntlet | Got the Writings on the Tectonic Snowflakes
 10417 | Gauntlet | Killed a ghost crab
 10482 | Gauntlet | Learned a level 6 spell: Statue Form
 10494 | Gauntlet | Identified the +5 plate armour "Moten" {rPois rC+ Int+4}
 10494 | Gauntlet | Noticed a minotaur
 10535 | Gauntlet | Identified the +4 kite shield of Stained Birdsong {SInv}
 10777 | D:12     | Reached skill level 1 in Shields
 10923 | Lair:1   | Entered Level 1 of the Lair of Beasts
 11771 | Lair:1   | Reached XP level 13. HP: 120/135 MP: 12/12
 11789 | Lair:1   | Reached skill level 18 in Unarmed Combat
 11834 | Lair:1   | Noticed a dire elephant
 11848 | Lair:1   | Killed a dire elephant
 12337 | Lair:2   | Reached **** piety under Wu Jian
 12388 | Lair:2   | You fall into a shaft and drop 2 floors!
 12435 | Lair:4   | Found a staircase to the Slime Pits.
 12435 | Lair:4   | Found a viscous altar of Jiyva.
 12464 | Lair:4   | Reached skill level 5 in Shields
 12603 | Lair:4   | Found a dark tunnel.
 12611 | Volcano  | Entered a volcano
 12619 | Volcano  | Reached skill level 19 in Unarmed Combat
 13618 | Lair:3   | Found a staircase to the Snake Pit.
 13766 | Lair:3   | Reached XP level 14. HP: 144/144 MP: 13/13
 14409 | Lair:4   | Identified the +8 glaive of Qiepyc {heavy, rElec Int+4
                  | Dex+3 Stlth-}
 14914 | Lair:5   | Entered Level 5 of the Lair of Beasts
 14915 | Lair:5   | Noticed Rupert
 15008 | Lair:4   | Reached ***** piety under Wu Jian
 15027 | Lair:5   | Reached skill level 20 in Unarmed Combat
 15266 | Lair:5   | Killed Rupert
 15693 | Lair:5   | Found a burning altar of Makhleb.
 15708 | Lair:5   | Reached skill level 10 in Shields
 16133 | Lair:5   | Found a gateway to Hell.
 16429 | Orc:1    | Entered Level 1 of the Orcish Mines
 16457 | Orc:1    | Gained mutation: You occasionally lose the ability to drink
                  | potions when taking damage. [a neqoxec]
 16532 | Orc:1    | Noticed Erolcha
 16537 | Orc:1    | Killed Erolcha
 16730 | Orc:2    | Entered Level 2 of the Orcish Mines
 16797 | Orc:2    | Found a staircase to the Elven Halls.
 16818 | Orc:2    | Noticed Snorg
 16828 | Orc:2    | Killed Snorg
 16869 | Orc:2    | Found Beufaicw's Antique Weapon Emporium.
 17245 | Orc:2    | Paralysed by an orc sorcerer for 5 turns
 17392 | Orc:2    | Found Busa's Book Shoppe.
 17422 | Orc:2    | Found a radiant altar of Vehumet.
 17448 | Orc:2    | Paralysed by an orc sorcerer for 5 turns
 17524 | Orc:2    | Found an ancient bone altar of Kikubaaqudgha.
 17529 | Orc:2    | Reached XP level 15. HP: 117/142 MP: 14/14
 17575 | Orc:2    | Found Muikhloc's Antique Armour Shoppe.
 17584 | Orc:2    | Found Ynnir's Jewellery Emporium.
 17591 | Orc:2    | Found Ditze's Distillery.
 17602 | Orc:2    | Bought a potion of mutation for 88 gold pieces
 17602 | Orc:2    | Bought a potion of heal wounds for 55 gold pieces
 17611 | Orc:2    | Bought a distressingly furry cloak for 237 gold pieces
 17611 | Orc:2    | Identified the +2 cloak of Defiance {Rampage +Blink Slay+4
                  | Stlth-} (You bought it in a shop on level 2 of the Orcish
                  | Mines)
 17692 | Elf:1    | Entered Level 1 of the Elven Halls
 17704 | Elf:1    | Reached skill level 1 in Earth Magic
 17722 | Elf:1    | Reached skill level 1 in Transmutations
 17728 | Elf:1    | Reached skill level 1 in Spellcasting
 17874 | Elf:1    | Found a magical portal.
 17883 | WizLab   | Entered Borgnjor's Mausoleum
 18289 | WizLab   | Noticed an ancient champion
 18905 | Elf:1    | Found Jiggaw's General Store.
 18914 | Elf:1    | Bought 3 curare-tipped darts for 34 gold pieces
 19242 | Elf:2    | Noticed a deep elf sorcerer
 19460 | Snake:1  | Entered Level 1 of the Snake Pit
 19597 | Lair:3   | Upgraded the game from 0.30-a0-622-gddc90eaa04 to
                  | 0.30-a0-626-gd6a5dd7a1f
 19597 | Lair:3   | Lost mutation: You occasionally lose the ability to drink
                  | potions when taking damage. [potion of mutation]
 19597 | Lair:3   | Gained mutation: You have hidden genetic defects. [potion
                  | of mutation]
 19597 | Lair:3   | Gained mutation: You are agile. (Dex +4, Str/Int -1)
                  | [potion of mutation]
 19597 | Lair:3   | Gained mutation: You possess an exceptional clarity of
                  | mind. [potion of mutation]
 19598 | Lair:3   | Lost mutation: You have hidden genetic defects. [potion of
                  | mutation]
 19598 | Lair:3   | Lost mutation: You are agile. (Dex +4, Str/Int -1) [potion
                  | of mutation]
 19598 | Lair:3   | Lost mutation: You possess an exceptional clarity of mind.
                  | [potion of mutation]
 19598 | Lair:3   | Gained mutation: You have a pair of small antennae on your
                  | head. [potion of mutation]
 19598 | Lair:3   | Gained mutation: You passively map a small area around you.
                  | [potion of mutation]
 19814 | Orc:2    | Bought a ring of poison resistance for 280 gold pieces
 20037 | Snake:1  | Reached skill level 5 in Earth Magic
 21114 | Snake:2  | Reached skill level 5 in Transmutations
 21205 | Snake:2  | Reached XP level 16. HP: 161/161 MP: 21/21
 21516 | Snake:2  | Found Tufomer's Gadget Gallery.
 21534 | Snake:2  | Bought a wand of digging (4) for 302 gold pieces
 21534 | Snake:2  | Bought a wand of roots (7) for 302 gold pieces
 22441 | Snake:3  | Found Kihikho's Weapon Shoppe.
 22810 | Snake:3  | Found a glowing golden altar of the Shining One.
 23332 | Snake:4  | Entered Level 4 of the Snake Pit
 24508 | Snake:4  | Reached skill level 10 in Earth Magic
 24638 | Snake:4  | Reached XP level 17. HP: 82/167 MP: 22/22
 25075 | Snake:4  | Got a serpentine rune of Zot
 25702 | Shoals:1 | Entered Level 1 of the Shoals
 26042 | Shoals:1 | Found Feosurch's Antique Weapon Boutique.
 27548 | Shoals:3 | Reached ****** piety under Wu Jian
 27873 | Shoals:3 | Reached skill level 10 in Transmutations
 28193 | Shoals:4 | Entered Level 4 of the Shoals
 28590 | Shoals:4 | Found a frozen archway.
 28608 | IceCv    | Entered an ice cave
 29116 | IceCv    | Identified the +3 plate armour "Calyej" {rC++ Dex+3}
 29430 | Shoals:4 | Reached XP level 18. HP: 166/176 MP: 23/23
 30001 | Shoals:4 | Got a barnacled rune of Zot
 30918 | Elf:2    | Found Olasueg's Magic Scroll Shoppe.
 30932 | Elf:2    | Bought a scroll of blinking for 105 gold pieces
 30932 | Elf:2    | Bought a scroll of teleportation for 42 gold pieces
 30932 | Elf:2    | Bought a scroll of blinking for 105 gold pieces
 30932 | Elf:2    | Bought a scroll of magic mapping for 105 gold pieces
 31035 | Elf:2    | Found Daicwenn's Assorted Antiques.
 31059 | Elf:2    | Found Ifixub's Antique Weapon Emporium.
 31241 | Elf:2    | Found Leceharha's Assorted Antiques.
 31257 | Elf:2    | Bought a potion of heal wounds for 100 gold pieces
 31267 | Elf:2    | Found an ancient bone altar of Kikubaaqudgha.
 31373 | Elf:2    | Found a runed translucent gate.
 31373 | Elf:2    | Found a runed translucent gate.
 31374 | Elf:2    | Found a runed translucent gate.
 31560 | Elf:3    | Entered Level 3 of the Elven Halls
 31618 | Elf:3    | Paralysed by an air elemental for 1 turns
 31833 | Elf:3    | Found Just's Antique Weapon Shop.
 32459 | Elf:3    | Reached XP level 19. HP: 184/184 MP: 24/24
 32535 | Elf:3    | Identified the +9 spear "Eropt" {flame, Int+8}
 32636 | Elf:3    | Identified the +4 hand axe "Qunib" {venom, rF+ rC+}
 32739 | Elf:3    | Noticed a Brimstone Fiend
 32887 | Elf:3    | Got the Precepts of the Feathery Volcano
 32890 | Elf:3    | Got Loeruaxa's Compilation of the Missiles
 33147 | Orc:2    | Bought a +6 ring of intelligence for 504 gold pieces
 33789 | D:13     | Identified the +6 trident "Afou" {heavy, rElec rC+++ Dex-5
                  | Stlth+}
 33881 | D:13     | Noticed Sonja
 33885 | D:13     | Killed Sonja
 34441 | D:14     | Reached skill level 15 in Earth Magic
 34525 | D:14     | Found a portal to a secret trove of treasure.
 34563 | D:14     | Found a gate to the Vaults.
 34745 | D:14     | Identified the +4 sling "Yforghan" {freeze, +Blink Dex+2}
 34903 | D:15     | Entered Level 15 of the Dungeon
 35008 | D:15     | Noticed Jorgrun
 35013 | D:15     | Killed Jorgrun
 35086 | D:15     | Found a staircase to the Depths.
 35323 | D:15     | Identified the +1 robe "Moopneah" {rC+ Archmagi}
 35988 | Vaults:1 | Entered Level 1 of the Vaults
 37711 | Vaults:2 | Reached XP level 20. HP: 132/193 MP: 25/25
 38617 | Vaults:2 | Found a staircase to the Crypt.
 38825 | Vaults:2 | Found Zuismoed's Antique Weapon Shop.
 38855 | Vaults:2 | Identified the +2 quarterstaff of the Magi {drain, Fly MP+9
                  | Str+7 Int-5}
 39276 | Vaults:3 | Reached skill level 15 in Transmutations
 39406 | Vaults:3 | Found Ugybota's Distillery.
 39415 | Vaults:3 | Bought a potion of heal wounds for 90 gold pieces
 39415 | Vaults:3 | Bought a potion of lignification for 54 gold pieces
 40007 | Vaults:3 | Reached skill level 21 in Unarmed Combat
 40043 | Vaults:3 | Reached XP level 21. HP: 200/200 MP: 8/26
 40217 | Vaults:3 | Paralysed by a floating eye for 4 turns
 40710 | Vaults:3 | Identified a scroll of acquirement
 40711 | Vaults:3 | Acquired the Handbook of the Volcano
 40719 | Vaults:3 | Learned a level 5 spell: Borgnjor's Vile Clutch
 40725 | Vaults:3 | Learned a level 5 spell: Irradiate
 40788 | Vaults:4 | Noticed Zenata
 40788 | Vaults:4 | Killed Zenata
 40893 | Vaults:4 | Found a large runed translucent door.
 40893 | Vaults:4 | Found a large runed translucent door.
 40893 | Vaults:4 | Found a large runed translucent door.
 40893 | Vaults:4 | Found a large runed translucent door.
 40893 | Vaults:4 | Found a large runed translucent door.
 40893 | Vaults:4 | Found a large runed translucent door.
 40893 | Vaults:4 | Found a large runed translucent door.
 40893 | Vaults:4 | Found a large runed translucent door.
 40893 | Vaults:4 | Noticed mccafe's ghost (veteran DEFE)
 40935 | Vaults:4 | Reached skill level 22 in Unarmed Combat
 41122 | Vaults:4 | Noticed Xtahua
 41131 | Vaults:4 | Killed Xtahua
 41146 | Vaults:4 | Noticed Mara
 41151 | Vaults:4 | Found Siykh's Antique Armour Shoppe.
 41322 | Vaults:4 | Found Sasme's Jewellery Boutique.
 41343 | Vaults:4 | Found Raiwk's Assorted Antiques.
 41348 | Vaults:4 | Bought the ring "Juuliong" {rF+ Str+6} for 1050 gold pieces
 41358 | Vaults:4 | Bought a potion of haste for 380 gold pieces
 41839 | Vaults:4 | Reached skill level 23 in Unarmed Combat
 42337 | Vaults:5 | Entered Level 5 of the Vaults
 42442 | Vaults:5 | Reached skill level 24 in Unarmed Combat
 42448 | Vaults:5 | Noticed a golden dragon
 42462 | Vaults:5 | Killed a golden dragon
 42466 | Vaults:5 | Reached XP level 22. HP: 209/209 MP: 27/27
 42566 | Vaults:5 | Noticed an ancient lich
 42567 | Vaults:5 | Reached skill level 25 in Unarmed Combat
 42568 | Vaults:5 | Killed an ancient lich
 42571 | Vaults:5 | Noticed a shard shrike
 42579 | Vaults:5 | Noticed a golden dragon
 42594 | Vaults:5 | Killed a golden dragon
 42998 | Vaults:5 | Reached skill level 26 in Unarmed Combat
 43080 | Vaults:5 | Identified the +6 shortbow of Wiehiwoi {antimagic, rN+
                  | Dex+2}
 43438 | Vaults:5 | Got the Elucidation of Company
 43440 | Vaults:5 | Got a silver rune of Zot
 43770 | Depths:1 | Entered Level 1 of the Depths
 44475 | Depths:1 | Noticed Sojobo
 44496 | Depths:1 | Killed Sojobo
 44883 | Depths:2 | Reached XP level 23. HP: 217/217 MP: 21/28
 44947 | Depths:2 | Found a one-way gate leading to the halls of Pandemonium.
 44955 | Depths:2 | Identified the ring "Puwni Xyesu" {Ice +Blink rCorr Int-3}
 44955 | Depths:2 | Noticed Josephina
 44970 | Depths:2 | Killed Josephina
 45096 | Depths:2 | Found a white marble altar of Elyvilon.
 45358 | Depths:2 | Found an ornate altar of the Wu Jian Council.
 45538 | Depths:2 | Found Imeavidi's Magic Scroll Emporium.
 46160 | Depths:2 | Paralysed by a floating eye for 4 turns
 46167 | Depths:2 | Paralysed by a floating eye for 2 turns
 46180 | Depths:2 | Noticed a juggernaut
 46183 | Depths:2 | Killed a juggernaut
 46465 | Depths:2 | Noticed a caustic shrike
 46465 | Depths:2 | Noticed a caustic shrike
 46475 | Depths:2 | Killed a caustic shrike
 46484 | Depths:2 | Noticed a caustic shrike
 46485 | Depths:2 | Killed a caustic shrike
 46823 | Depths:2 | Killed a caustic shrike
 47255 | Depths:3 | Got the Collected Works on Blight and Thunder
 47283 | Depths:3 | Found Aguynayq's General Store.
 47310 | Depths:3 | Found a one-way gateway to a ziggurat.
 47312 | Depths:3 | Bought a potion of heal wounds for 85 gold pieces
 47318 | Depths:3 | Found a one-way gate to the infinite horrors of the Abyss.
 47494 | Depths:3 | Reached skill level 15 in Fighting
 47677 | Depths:3 | Found a snail-covered altar of Cheibriados.
 47683 | Depths:3 | Reached skill level 5 in Dodging
 47686 | Depths:3 | Reached XP level 24. HP: 244/244 MP: 27/28
 48718 | Depths:4 | Entered Level 4 of the Depths
 48718 | Depths:4 | Found a broken altar of Ashenzari.
 48948 | Depths:4 | Noticed an ancient lich
 48952 | Depths:4 | Killed an ancient lich
 49051 | Depths:4 | Found Giufimy's Book Boutique.
 49051 | Depths:4 | Found Jiediydd's Magic Scroll Shop.
 49066 | Depths:4 | Bought a scroll of teleportation for 60 gold pieces
 49296 | Depths:4 | Reached skill level 10 in Dodging
 49583 | Depths:4 | Found a gate to the Realm of Zot.
 49593 | Zot:1    | Entered Level 1 of the Realm of Zot
 50526 | Zot:2    | Found a runed translucent gate.
 50526 | Zot:2    | Found a runed translucent gate.
 50526 | Zot:2    | Found a runed translucent gate.
 50526 | Zot:2    | Found an ancient bone altar of Kikubaaqudgha.
 50526 | Zot:2    | Noticed a dread lich
 50526 | Zot:2    | Noticed a dread lich
 50526 | Zot:2    | Noticed wormed's ghost (legendary OpTm)
 50526 | Zot:2    | Noticed an ancient lich
 50526 | Zot:2    | Noticed a dread lich
 50533 | Zot:2    | Killed a dread lich
 50533 | Zot:2    | Killed a dread lich
 50533 | Zot:2    | Killed a dread lich
 50535 | Zot:2    | Killed an ancient lich
 50536 | Zot:2    | Reached skill level 15 in Shields
 50572 | Zot:2    | Killed wormed's ghost
 50576 | Zot:2    | Identified the ring of Osuckuad {Will+ Dex+6 Slay+2}
 50596 | Zot:2    | Got Kikubaaqudgha's Folio of Death
 50599 | Zot:2    | Identified the +0 cloak of Lugonu's Vengeance {Rampage}
 50673 | Zot:2    | Noticed an orb of fire
 50677 | Zot:2    | Killed an orb of fire
 50972 | Zot:2    | Noticed an orb of fire
 50974 | Zot:2    | Killed an orb of fire
 51695 | Zot:4    | Reached XP level 25. HP: 252/252 MP: 28/28
 51703 | Zot:4    | Noticed a shard shrike
 51718 | Zot:4    | Killed a shard shrike
 51718 | Abyss:2  | Cast into level 2 of the Abyss (green draconian)
 51851 | Abyss:2  | Found a corrupted altar of Lugonu.
 51967 | Abyss:2  | Found a corrupted altar of Lugonu.
 52010 | Abyss:2  | Found a corrupted altar of Lugonu.
 52015 | Abyss:2  | Found a corrupted altar of Lugonu.
 52239 | Abyss:3  | Found a corrupted altar of Lugonu.
 52248 | Zot:4    | Escaped the Abyss
 52671 | Zot:3    | You fall into a shaft and drop 1 floor!
 53463 | Zot:5    | Entered Level 5 of the Realm of Zot
 53739 | Zot:5    | Noticed an orb of fire
 53739 | Zot:5    | Gained mutation: You occasionally shout uncontrollably at
                  | your foes. [an orb of fire]
 53744 | Zot:5    | Killed an orb of fire
 53818 | Zot:5    | Noticed a Killer Klown
 53862 | Zot:5    | Killed a Killer Klown
 54145 | Zot:5    | Noticed an orb of fire
 54145 | Zot:5    | Noticed an ancient lich
 54146 | Zot:5    | Noticed an orb of fire
 54149 | Zot:5    | Killed an orb of fire
 54149 | Zot:5    | Killed an orb of fire
 54150 | Zot:5    | Noticed an ancient lich
 54151 | Zot:5    | Killed an ancient lich
 54152 | Zot:5    | Noticed an orb of fire
 54155 | Zot:5    | Killed an orb of fire
 54157 | Zot:5    | Noticed a Killer Klown
 54157 | Zot:5    | Noticed a dread lich
 54159 | Zot:5    | Killed an ancient lich
 54160 | Zot:5    | Reached XP level 26. HP: 261/261 MP: 28/28
 54160 | Zot:5    | Noticed a dread lich
 54162 | Zot:5    | Killed a dread lich
 54165 | Zot:5    | Killed a dread lich
 54610 | Zot:5    | Got the Orb of Zot
 54684 | Zot:3    | Noticed Faitystro the pandemonium lord
 54689 | Zot:3    | Killed Faitystro the pandemonium lord
 55295 | D:$      | Escaped with the Orb!

Illustrated notes

Levels and vault maps discovered:
D:1:      dpeg_arrival_long_road, layout_loops_ring,
          ebering_ecumenical_altar_abandoned
D:2:      layout_basic, uniq_natasha
D:3:      layout_rooms
D:4:      cheibrodos_greedy_goblins, layout_basic, serial_shops,
          nicolae_diamond_shop, serial_rivers, chequers_serial_rivers_micro_e,
          chequers_serial_rivers_micro_e, chequers_serial_rivers_small_b,
          chequers_serial_rivers_micro_e, chequers_serial_rivers_small_a,
          chequers_serial_rivers_micro_a, roderic_batcave
D:5:      layout_loops_ring, minmay_temple_entry_tees,
          ebering_ghost_reflecting_pool, st_stairs_2, uniq_pikel, uniq_menkaure
D:6:      layout_rooms
D:7:      layout_loops_ring, led_sif_book, mainiacjoe_overflow_alcove_4,
          grunt_temple_overflow_open, chequers_temple_overflow_minitemple,
          chequers_serial_rivers_small_b
D:8:      layout_layer_cave, hangedman_ru_absence
D:9:      layout_rooms, minmay_bent
D:10:     layout_gridville, hangedman_feature_mirror
D:11:     layout_basic, dpeg_lair_monsters
D:12:     layout_roguey [special_room_bee], orc_0_dummy, gauntlet_entry_generic,
          nicolae_gozag_seed_capital, uniq_nergalle, uniq_maurice
D:13:     layout_irregular_city, uniq_sonja
D:14:     layout_roguey [special_room_orc], erik_vaults_2, enter_trove_2
D:15:     hangedman_depths_entry_try_elsewhere_first, layout_irregular_city,
          nicolae_hexahallways, chequers_serial_rivers_large_b,
          grunt_ministairs_11, uniq_jorgrun
Temple:   nicolae_temple_godzebo
Lair:1:   layout_long_grid, nicolae_quartered_pool_impasse, st_stairs_13,
          nicolae_lair_lakeside_cave
Lair:2:   layout_misc_corridors, nicolae_shoals_entry_flooding,
          hibernation_bobbens
Lair:3:   layout_roguey, guppyfry_snake_entry_island
Lair:4:   layout_loops_ring, minmay_slime_entry_oklob_open,
          lightli_volcano_entry_magma_tube, st_stairs_9, serial_bayou_pond_c,
          minmay_lair_oklob_bushes
Lair:5:   evil_forest, layout_cave_shapes, eino_small_chamber_without_monster,
          worms_lemuel, lemuel_fruit_fields, uniq_rupert
Shoals:1: layout_shoals, serial_shops, nicolae_diamond_shop
Shoals:2: layout_shoals
Shoals:3: cheibrodos_shoals_satyrical_garden, layout_shoals, st_shoals_ruin
Shoals:4: shoals_end_grunt_garden, layout_shoals, portal_ice_cave_entry_dragon,
          nicolae_shoals_arrival_archipelago
Snake:1:  layout_misc_corridors
Snake:2:  layout_cave_pods, special_room, nicolae_shop_gadgets
Snake:3:  layout_layer_cave, serial_shops, nicolae_shop_bloodbath_and_beyond,
          basic_altar, grunt_megastairs_4
Snake:4:  johnstein_snake_rune_scales, layout_onion, grunt_megastairs_1
Orc:1:    layout_diamond_mine, serial_shops, nicolae_shop_statue_plus,
          uniq_erolcha
Orc:2:    kennysheep_orc_mage_school, layout_caves, basic_altar, serial_shops,
          shop, uniq_snorg
Elf:1:    minmay_elf_arrival_summoners, layout_loops_cross, mu_enter_wizlab_5,
          serial_shops, nicolae_lakefront_shop, hangedman_elf_represent,
          minivault_16
Elf:2:    nicolae_elf_blades_splatter_lattice
          [nicolae_blade_entry_crossed_weapons], layout_geoelf_octagon,
          basic_altar, serial_shops, nicolae_diamond_shop, nicolae_square_shop,
          shop_coins, nicolae_shop_hallway_stairs
Elf:3:    minmay_elf_hall_dome, layout_onion_city, serial_shops, shop,
          minivault_28
Vaults:1: v_misc_14, v_misc_5, vaults_room_grunt_arrival_checkpoint, v_misc_13,
          ontoclasm_vaults_chip, v_misc_28, nicolae_vaults_minivaults,
          nicolae_vaults_ninety_degrees, ontoclasm_vaults_misaligned,
          ontoclasm_vaults_tryst, v_misc_17, v_misc_2, layout_vaults_ring
Vaults:2: v_misc_15, nicolae_vaults_mini_display_case, st_greater_box_3,
          hangedman_vaults_corner_blocks, v_rooms_3,
          minmay_crypt_entry_simple_box, v_misc_15, nicolae_vaults_angled_halls,
          layout_vaults_chaotic_city, serial_shops, shop
Vaults:3: st_greater_box_5, nicolae_vaults_asterisk, v_alt_pattern_6,
          nicolae_vaults_little_squares_5, nicolae_vaults_yaktaur_gun_rack,
          ontoclasm_vaults_gateway, layout_vaults_omnigrid, serial_shops, shop
Vaults:4: advil_vaults_ghost_lines, nicolae_vaults_border_crossing, v_misc_12,
          vaults_mumra_chevron_long, nicolae_vaults_holding_cells,
          ontoclasm_vaults_twist, ontoclasm_vaults_hangar, v_misc_22,
          nicolae_vaults_big_angled_halls, v_misc_10, hangedman_vaults_stitches,
          hangedman_vaults_unwind, nicolae_vaults_specimen_jars,
          layout_vaults_maze, serial_shops, shop, shop, shop, uniq_mara,
          uniq_zenata, uniq_xtahua
Vaults:5
Depths:1: layout_honeycomb, roderic_cross_of_infinity, hell_entry,
          nicolae_kite_square_tiling_tiny, nrook_kobold_shadow_demons,
          uniq_sojobo
Depths:2: grunt_bent_corner, layout_gridlike, grunt_hell_entry_dis_grunt,
          rand_demon_pan_entry_3, serial_shops, nicolae_shop_behind_doors,
          nicolae_elyvilon_peaceful_grove, nicolae_wu_jian_immortal_techniques,
          minmay_staircase_statues, uniq_josephina
Depths:3: pf_snail_temple, layout_cave_shapes, enter_ziggurat_e, serial_shops,
          shop, abyss_entry, lightli_too_deep,
          infiniplex_staircase_split_hallway
Depths:4: grunt_zot_entry_gee_three, layout_cave_shapes,
          nicolae_ashenzari_skybound, hell_entry, minmay_librarian,
          minmay_shoptagon
Zot:1:    lemuel_draconian_sentries_small, layout_misc_corridors,
          hangedman_zot_decor_scrapings, hangedman_zot_wheel_spokes
Zot:2:    layout_concentric_octagons, gammafunk_ghost_crypt
Zot:3:    layout_cathedral_of_symmetry
Zot:4:    layout_misc_corridors, hangedman_zot_spectrum
Zot:5:    layout_misc_corridors

Skill      XL: |  1  2  3  4  5  6  7  8  9 10 11 12 13 14 15 16 17 18 19 20 21 22 23 24 25 26 |
---------------+-------------------------------------------------------------------------------+-----
Throwing       | 2 3 |  3.0
Fighting       | 2 3 4 5 7 8 9 10 15 | 15.0
Unarmed Combat | 4 5 6 8 9 11 13 16 17 19 20 21 24 26 | 26.9
Shields        | 2 6 11 12 13 15 18 19 | 19.9
Earth Magic    | 6 10 12 14 16 17 | 17.6
Transmutations | 5 8 10 12 14 15 | 15.0
Spellcasting   | 4 |  4.0
Dodging        | 5 10 12 14 | 14.3

Action                   |  1- 3 |  4- 6 |  7- 9 | 10-12 | 13-15 | 16-18 | 19-21 | 22-24 | 25-27 || total
-------------------------+-------+-------+-------+-------+-------+-------+-------+-------+-------++-------
Melee: Unarmed           |    83 |   178 |   232 |   511 |  1031 |  1534 |  1161 |  1099 |   548 ||  6377
       Punch             |     1 |     3 |     6 |    39 |       |       |       |       |       ||    49
Throw: Stone             |       |     9 |    25 |    31 |       |       |       |       |       ||    65
       Large rock        |       |     1 |     3 |    15 |    17 |    12 |       |       |       ||    48
       Throwing net      |       |       |     2 |     4 |       |       |     1 |       |       ||     7
       Dart              |       |       |       |       |       |       |     1 |       |       ||     1
 Cast: Statue Form       |       |       |       |       |       |       |    94 |   102 |    52 ||   248
Invok: Whirlwind         |       |       |       |    17 |   213 |   334 |   374 |   368 |   164 ||  1470
       Lunge             |       |       |       |     5 |    64 |    12 |     8 |    27 |    48 ||   164
       Serpent's Lash    |       |       |       |     3 |    18 |    25 |    24 |    18 |     8 ||    96
       Heavenly Storm    |       |       |       |       |     1 |     3 |     1 |       |     1 ||     6
Evoke: Wand              |       |       |       |    12 |    12 |     3 |       |     6 |     3 ||    36
       Phantom mirror    |       |       |       |     1 |     1 |       |       |       |       ||     2
       Phial of floods   |       |       |       |       |       |       |       |     1 |       ||     1
  Use: Scroll            |     1 |     4 |     9 |    15 |    10 |     7 |     6 |    12 |     7 ||    71
       Potion            |       |       |       |     2 |     3 |     3 |     7 |       |     4 ||    19
 Stab: Sleeping          |     1 |     1 |     1 |       |       |       |       |       |       ||     3
       Held in net/web   |       |       |       |     1 |       |       |       |       |       ||     1
       Distracted        |       |       |       |     1 |       |       |       |     1 |       ||     2
       Confused          |       |       |       |       |     1 |       |       |       |       ||     1
       Petrified         |       |       |       |       |       |       |     2 |       |       ||     2
Armor: Robe              |    13 |    51 |   111 |   120 |     4 |    72 |    28 |     6 |     4 ||   409
       Steam dragon scal |       |       |       |    33 |    31 |       |       |       |       ||    64
       Fire dragon scale |       |       |       |       |    29 |       |       |       |       ||    29
       Storm dragon scal |       |       |       |       |   125 |    77 |       |       |       ||   202
       Skin              |       |       |       |       |       |       |   292 |   288 |   111 ||   691
Dodge: Dodged            |    30 |    75 |   107 |   162 |   167 |   294 |   317 |   367 |   141 ||  1660
Block: Other             |     3 |    38 |    63 |    48 |       |       |       |       |       ||   152
       Reflection        |       |     1 |     2 |     8 |    24 |   167 |    90 |    18 |       ||   310
       Kite shield       |       |       |       |    58 |   579 |   912 |   866 |   636 |   251 ||  3302

Table legend: (Time is in decaauts)
 A = Elapsed time spent in this place.
 B = Non-inter-level travel time spent in this place.
 C = Inter-level travel time spent in this place.
 D = Time resting spent in this place.
 E = Time spent auto-exploring this place.
 F = Levels seen in this place.
 G = Mean time per level.
                   A        B        C        D        E       F      G
               +--------+--------+--------+--------+--------+-----+--------+
         Total |  59156 |  53787 |   5369 |   6787 |  30591 |  54 | 1095.5 |
       Dungeon |  14156 |  12475 |   1681 |    669 |   8600 |  15 |  943.7 |
        Temple |    113 |     91 |     22 |      0 |     81 |   1 |  113.0 |
          Lair |   5436 |   4758 |    678 |    424 |   3207 |   5 | 1087.2 |
        Shoals |   4301 |   4058 |    243 |    983 |   1422 |   4 | 1075.2 |
     Snake Pit |   5594 |   5164 |    430 |    666 |   2473 |   4 | 1398.5 |
  Orcish Mines |   1825 |   1213 |    612 |    161 |    688 |   2 |  912.5 |
   Elven Halls |   3363 |   3093 |    270 |    205 |   1734 |   3 | 1121.0 |
        Vaults |   9316 |   8708 |    608 |    803 |   5448 |   5 | 1863.2 |
        Depths |   7126 |   6878 |    248 |   1038 |   4311 |   4 | 1781.5 |
           Zot |   5658 |   5085 |    573 |   1117 |   2171 |   5 | 1131.6 |
         Abyss |    714 |    714 |      0 |      0 |    330 |   2 |  357.0 |
      Ice Cave |    539 |    539 |      0 |    327 |      0 |   1 |  539.0 |
       Volcano |    337 |    337 |      0 |     32 |    105 |   1 |  337.0 |
        Wizlab |    405 |    405 |      0 |    317 |      0 |   1 |  405.0 |
      Gauntlet |    267 |    267 |      0 |     44 |     19 |   1 |  267.0 |
               +--------+--------+--------+--------+--------+-----+--------+

Top non-repeatable levels by time:
Depths:2: 2456 daAuts
Vaults:2: 2205 daAuts
Vaults:3: 1978 daAuts
Vaults:1: 1944 daAuts
Depths:3: 1917 daAuts
 Snake:4: 1824 daAuts
Vaults:4: 1714 daAuts
Depths:1: 1620 daAuts
 Snake:3: 1600 daAuts
Shoals:4: 1548 daAuts
     D:8: 1531 daAuts
Vaults:5: 1473 daAuts
   Zot:2: 1458 daAuts
   Zot:4: 1451 daAuts
   Elf:3: 1450 daAuts
